Map: Orbital Shipyard

Players

IIIIIIIIIIII

  • Race: Terran Terran
  • League: Master

Miszu - Winner!

  • Race: Terran Terran
  • League: Master

VOD

Have the link to the VOD?

Description

Time

  • Played on: March 11, 2016, 2:14 p.m.
  • Length: 10:04
Show
View Real Time Build Order
Export as new Build Order

IIIIIIIIIIII Terran 

Build Orders: 1/1/1, MMM Bio, Banshee Rush 

Get SALT Encoding   

  12  0:01  SCV  
  13  0:13  SCV  
  14  0:18  Supply Depot  
  14  0:26  Refinery  
  15  0:28  SCV  
  15  0:41  Barracks  
  15  0:45  SCV  
  16  0:57  SCV  
  16  0:59  Refinery  
  17  1:09  SCV  
  18  1:28  Orbital Command  
  18  1:29  Factory  
  18  1:35  Reaper  
  19  1:45  Supply Depot  
  19  1:54  SCV  
  20  2:06  SCV  
  22  2:08  Reaper  
  22  2:13  Hellion  
  24  2:17  Starport  
  24  2:19  SCV  
  25  2:33  Supply Depot  
  25  2:34  SCV  
  26  2:37  Hellion  
  26  2:41  Barracks Tech Lab  
  28  2:46  SCV  
  29  3:07  Cloaking Field, Banshee  
  29  3:08  Factory Reactor  
  29  3:10  Widow Mine  
  34  3:13  Barracks Reactor  
  34  3:27  Command Center  
  34  3:32  Supply Depot  
  34  3:39  SCV  
  34  3:41  Factory Tech Lab  
  34  3:50  Raven  
  34  3:52  Marine x2  
  34  3:55  SCV  
  39  4:00  Supply Depot  
  39  4:07  Siege Tank  
  42  4:10  Marine x2  
  42  4:14  SCV  
  45  4:22  Supply Depot  
  45  4:26  SCV  
  45  4:28  Marine x2  
  48  4:38  SCV  
  48  4:40  Viking  
  48  4:42  SCV  
  52  4:52  Marine x2, Siege Tank  
  52  4:53  SCV  
  55  5:01  Orbital Command  
  55  5:05  SCV  
  56  5:17  SCV  
  57  5:21  Viking x2, Marine  
  57  5:28  SCV  
  63  5:29  SCV  
  64  5:39  Supply Depot  
  64  5:40  SCV, Stimpack  
  64  5:41  Marine, SCV  
  67  5:50  Barracks  
  67  5:51  Barracks  
  67  5:55  SCV x2  
  69  5:59  Marine  
  69  6:00  Siege Tank  
  69  6:02  Supply Depot  
  69  6:03  Supply Depot  
  73  6:07  SCV x2  
  75  6:13  Supply Depot  
  75  6:17  Marine  
  76  6:19  SCV  
  76  6:20  SCV  
  76  6:22  Medivac  
  80  6:26  Supply Depot  
  80  6:27  Supply Depot  
  80  6:31  SCV  
  80  6:32  SCV  
  80  6:41  Marine  
  80  6:43  Barracks Reactor  
  80  6:45  Barracks Reactor  
  80  6:46  SCV  
  82  6:52  SCV  
  83  6:55  Supply Depot  
  83  6:56  Supply Depot  
  83  6:58  SCV  
  84  7:01  Engineering Bay  
  84  7:03  Command Center  
  84  7:04  SCV  
  84  7:05  Marine  
  84  7:06  Medivac  
  88  7:10  SCV  
  88  7:11  Refinery  
  88  7:12  Refinery  
  89  7:16  SCV  
  89  7:22  SCV  
  91  7:23  Marine  
  91  7:25  Marine x3  
  91  7:28  SCV  
  91  7:29  Marine  
  94  7:34  SCV  
  96  7:41  Marine, SCV  
  96  7:42  Marine  
  96  7:43  Marine  
  100  7:44  Combat Shields  
  100  7:45  Medivac x2  
  100  7:46  Barracks, SCV  
  100  7:48  Barracks  
  100  7:49  Marine x2  
  107  7:53  Supply Depot  
  107  7:54  Terran Infantry Weapons Level 1  
  107  7:55  Supply Depot, SCV  
  108  8:02  Marine  
  108  8:03  Marine x2  
  108  8:04  SCV  
  112  8:07  SCV  
  112  8:08  Marine x2  
  115  8:16  SCV  
  115  8:17  Supply Depot  
  117  8:20  Marine x2, SCV, Orbital Command  
  94  8:34  Barracks Reactor  
  94  8:36  Barracks Reactor  
  94  8:37  SCV x2  
  94  8:38  Marine x3, Orbital Command  
  94  8:39  Medivac, Siege Tank  
  94  8:40  Marine x2, Medivac  
  108  8:51  SCV  
  108  8:52  SCV  
  110  8:56  Marine x3  
  110  8:57  Marine  
  110  8:58  Marine  
  115  9:10  Marine x2  
  115  9:11  Siege Tank  
  115  9:13  Marine  
  115  9:14  Marine x2  
  115  9:15  Marine x2  
  115  9:16  Refinery  
  125  9:21  Refinery  
Show
View Real Time Build Order
Export as new Build Order

Miszu Terran - Winner!

Build Orders: Reaper Expand, MMM Bio 

Get SALT Encoding   

  12  0:01  SCV  
  13  0:13  SCV  
  14  0:18  Supply Depot  
  14  0:25  SCV  
  15  0:40  SCV  
  15  0:41  Barracks  
  16  0:43  Refinery  
  16  0:52  SCV  
  17  1:04  SCV  
  18  1:16  SCV  
  19  1:28  Orbital Command  
  19  1:30  Reaper  
  20  1:40  Command Center  
  20  1:51  Supply Depot  
  20  1:54  SCV  
  21  2:03  Refinery  
  21  2:06  Barracks Reactor, SCV  
  22  2:18  SCV  
  23  2:24  Factory  
  23  2:30  SCV  
  24  2:41  Marine x2  
  24  2:42  SCV  
  27  2:54  SCV  
  27  2:56  SCV  
  29  2:59  Marine x2  
  29  3:01  Engineering Bay  
  30  3:06  SCV  
  30  3:08  Bunker, Orbital Command  
  31  3:13  Starport  
  31  3:14  Factory Tech Lab  
  31  3:17  Marine  
  31  3:19  SCV  
  33  3:22  Marine  
  34  3:31  SCV  
  34  3:34  Missile Turret  
  35  3:42  Cyclone  
  35  3:43  SCV x2  
  35  3:45  Missile Turret  
  40  3:52  Supply Depot  
  40  3:55  SCV  
  41  3:56  SCV  
  42  4:05  Viking  
  42  4:07  SCV  
  42  4:08  SCV  
  46  4:15  Supply Depot  
  46  4:19  Siege Tank, SCV  
  46  4:21  SCV  
  51  4:31  SCV  
  51  4:33  SCV  
  51  4:35  Barracks  
  51  4:36  Barracks  
  51  4:37  Terran Infantry Weapons Level 1  
  53  4:43  Refinery  
  53  4:44  SCV  
  53  4:45  SCV  
  54  4:56  SCV  
  54  4:57  Starport Reactor, Siege Tank, SCV  
  59  5:00  Supply Depot  
  59  5:02  Engineering Bay  
  59  5:07  Marine x2  
  59  5:08  SCV  
  62  5:16  Supply Depot  
  62  5:22  SCV x2  
  62  5:23  Barracks Tech Lab x2  
  62  5:24  Barracks  
  62  5:25  Marine  
  62  5:26  Marine, Barracks  
  66  5:34  SCV x2  
  68  5:38  Medivac x2  
  68  5:41  Supply Depot  
  68  5:42  Refinery  
  69  5:46  SCV x2  
  69  5:47  Stimpack  
  71  5:51  Marine x2  
  71  5:52  Marine x2  
  75  5:58  SCV x2  
  75  6:02  Siege Tank  
  80  6:09  Medivac  
  80  6:10  SCV x2  
  84  6:12  Supply Depot  
  84  6:15  Supply Depot  
  84  6:18  Supply Depot  
  84  6:19  Supply Depot  
  84  6:22  SCV x2  
  86  6:35  SCV  
  86  6:43  Marine  
  86  6:44  Barracks Reactor  
  88  6:50  Marine  
  88  6:51  Marine, Siege Tank  
  93  6:55  Supply Depot  
  93  6:57  Supply Depot  
  89  7:01  Marine  
  89  7:06  Medivac x2  
  93  7:08  Marine  
  93  7:09  Marine  
  95  7:19  Marine  
  90  7:26  Marine x2  
  90  7:27  Marine  
  90  7:29  Marine  
  87  7:35  Siege Tank  
  87  7:36  Medivac x2  
  87  7:37  Marine  
  95  7:44  Marine x2  
  95  7:45  Marine  
  95  7:47  Marine  
  99  7:52  Supply Depot  
  99  7:53  Supply Depot  
  99  7:54  Marine  
  99  7:57  Combat Shields  
  100  8:02  Marine x3  
  100  8:05  Marine  
  104  8:12  Marine  
  104  8:14  Medivac x2, Siege Tank  
  104  8:19  Marine  
  112  8:20  Marine x2  
  112  8:23  Marine  
  108  8:30  Marine  
  105  8:37  Marine  
  105  8:38  Marine x2  
  105  8:41  Marine  
  109  8:42  SCV x2  
  109  8:45  Supply Depot, Command Center  
  109  8:48  Marine  
  112  8:49  Siege Tank  
  112  8:51  Medivac x2  
  112  8:54  SCV x2  
  112  8:55  Marine x2  
  122  8:56  Marine  
  122  8:58  Engineering Bay, Marine  
  122  9:00  Armory  
  125  9:06  Marine, SCV x2  
  128  9:13  Marine x2  
  128  9:14  Marine  
  131  9:18  SCV x2  
  131  9:21  Marine  
  129  9:24  Marine  
  129  9:31  Marine x2  
  123  9:32  Marine  
  121  9:39  Marine  
  121  9:42  Marine  
Tags
 
Add a new tag
Caveats
  • Supply blocks, unpowered buildings, or Contaminate may cause inaccurate times.
  • Supply counts are checked every 10 seconds.